Map: Oceanborn LE

Players

Classic

  • Race: Protoss Protoss
  • Spawn Location: 5:00

SKillous - Winner!

  • Race: Protoss Protoss
  • League: Grandmaster
  • Spawn Location: 11:00

Event: IEM Katowice 2024

VOD

Have the link to the VOD?

Description

Time

  • Played on: Dec. 8, 2023, 4:47 p.m.
  • Length: 11:37

All games in this series

Show
View Real Time Build Order
Export as new Build Order

Classic Protoss 

Build Orders:  

Get SALT Encoding   

  12  0:00  Probe  
  13  0:12  Probe  
  14  0:17  Pylon  
  14  0:24  Probe  
  15  0:35  Gateway  
  15  0:37  Probe (Chrono Boost)  
  16  0:46  Probe (Chrono Boost), Assimilator  
  17  0:51  Probe (Chrono Boost)  
  18  0:58  Assimilator  
  18  1:03  Probe (Chrono Boost)  
  19  1:08  Gateway  
  19  1:12  Probe (Chrono Boost)  
  19  1:17  Probe (Chrono Boost)  
  20  1:25  Cybernetics Core  
  21  1:29  Probe  
  22  1:38  Pylon  
  22  1:41  Probe  
  23  1:56  Probe  
  23  1:59  Warp Gate (Chrono Boost)  
  24  2:01  Adept x2  
  28  2:13  Pylon  
  28  2:30  Pylon  
  28  2:33  Adept x2  
  32  2:46  Probe  
  33  3:00  Pylon, Probe  
  33  3:05  Sentry x2  
  36  3:13  Robotics Facility  
  36  3:22  Nexus  
  36  3:24  Shield Battery  
  36  3:25  Probe  
  37  3:38  Probe  
  37  3:39  Sentry x2  
  42  3:46  Pylon  
  42  3:50  Probe  
  43  4:01  Immortal (Chrono Boost)  
  43  4:02  Probe  
  46  4:14  Probe  
  46  4:15  Twilight Council  
  47  4:26  Probe  
  48  4:31  Immortal (Chrono Boost)  
  53  4:38  Probe  
  53  4:41  Probe  
  53  4:45  Stalker  
  56  4:50  Stalker  
  58  4:57  Probe x2 (Chrono Boost)  
  60  5:04  Blink (Chrono Boost)  
  60  5:08  Probe (Chrono Boost)  
  60  5:10  Probe (Chrono Boost)  
  62  5:15  Probe  
  62  5:20  Probe  
  60  5:24  Adept  
  60  5:26  Gateway  
  60  5:27  Observer, Gateway  
  63  5:30  Probe  
  63  5:32  Probe  
  63  5:33  Pylon  
  65  5:40  Assimilator  
  65  5:42  Probe  
  66  5:44  Probe  
  66  5:49  Stalker  
  69  5:53  Stalker  
  69  5:55  Pylon  
  71  6:06  Immortal (Chrono Boost)  
  71  6:10  Shield Battery x2  
  73  6:16  Stalker  
  73  6:24  Stalker  
  73  6:25  Zealot x2  
  67  6:31  Pylon  
  58  6:46  Stalker x2  
  49  7:11  Stalker x2  
  53  7:17  Pylon  
  51  7:25  Pylon  
  47  7:36  Stalker x2  
  51  7:41  Probe x2  
  51  7:44  Stalker  
  55  7:50  Stalker  
  45  8:02  Zealot, Stalker  
  47  8:07  Stalker  
  44  8:18  Stalker  
  44  8:19  Zealot  
  42  8:32  Stalker  
  42  8:41  Zealot  
  42  8:46  Stalker  
  46  8:52  Probe  
  46  8:53  Probe  
  48  9:00  Stalker x2  
  52  9:05  Probe x2  
  54  9:13  Stalker  
  56  9:18  Stalker  
  56  9:24  Stalker  
  60  9:28  Stalker  
  60  9:30  Observer  
  62  9:34  Probe x2  
  64  9:51  Nexus  
  64  9:53  Pylon  
  64  9:56  Sentry  
  64  9:59  Probe x2  
  68  10:11  Probe x2 (Chrono Boost)  
  70  10:14  Forge  
  70  10:21  Probe x2 (Chrono Boost)  
  72  10:22  Phoenix  
  72  10:25  Probe (Chrono Boost)  
  72  10:26  Probe (Chrono Boost)  
  74  10:30  Stalker x3  
  80  10:35  Stalker  
  80  10:40  Observer (Chrono Boost)  
  80  10:42  Pylon  
  82  10:44  Shield Battery  
  82  10:46  Probe  
  82  10:49  Probe  
  84  10:58  Zealot  
  84  11:02  Stalker x3  
  81  11:07  Stalker  
  74  11:16  Pylon  
  56  11:27  Stalker x3  
Show
View Real Time Build Order
Export as new Build Order

SKillous Protoss - Winner!

Build Orders: Blink Stalkers 

Get SALT Encoding   

  12  0:00  Probe  
  13  0:12  Probe  
  14  0:17  Pylon  
  14  0:24  Probe  
  15  0:35  Gateway  
  15  0:36  Probe (Chrono Boost)  
  16  0:44  Assimilator  
  16  0:46  Probe (Chrono Boost)  
  17  0:51  Assimilator  
  17  0:53  Probe (Chrono Boost)  
  18  1:05  Probe (Chrono Boost)  
  18  1:07  Gateway  
  19  1:13  Probe (Chrono Boost)  
  20  1:19  Probe  
  20  1:25  Cybernetics Core  
  21  1:31  Probe  
  22  1:35  Pylon  
  22  1:43  Probe  
  23  1:55  Probe  
  24  2:01  Stalker x2  
  24  2:02  Warp Gate  
  28  2:10  Pylon  
  28  2:26  Twilight Council  
  28  2:27  Pylon  
  28  2:34  Stalker  
  30  2:43  Stalker  
  33  2:57  Blink (Chrono Boost)  
  32  3:00  Gateway  
  32  3:08  Pylon  
  32  3:33  Nexus  
  32  3:36  Probe  
  33  3:50  Shield Battery  
  34  3:59  Pylon  
  33  4:02  Stalker x2  
  33  4:08  Stalker  
  39  4:15  Pylon  
  39  4:17  Probe  
  40  4:29  Stalker  
  42  4:37  Stalker  
  44  4:44  Stalker, Probe (Chrono Boost)  
  47  4:48  Probe (Chrono Boost)  
  48  4:57  Sentry  
  48  4:59  Probe (Chrono Boost)  
  52  5:05  Stalker  
  52  5:08  Shield Battery  
  52  5:11  Probe  
  49  5:15  Probe  
  49  5:17  Sentry  
  51  5:22  Sentry  
  51  5:23  Probe  
  54  5:29  Sentry  
  54  5:31  Probe  
  57  5:38  Probe (Chrono Boost)  
  57  5:41  Stalker  
  60  5:43  Probe (Chrono Boost)  
  60  5:49  Stalker  
  64  5:54  Probe x2 (Chrono Boost)  
  65  5:57  Stalker  
  65  6:00  Probe  
  68  6:05  Probe  
  68  6:07  Stalker  
  69  6:13  Probe  
  69  6:16  Pylon  
  68  6:21  Stalker x2  
  68  6:22  Probe  
  58  6:32  Stalker  
  58  6:36  Probe  
  51  6:42  Probe  
  46  6:48  Stalker x2  
  50  6:58  Probe  
  49  7:08  Stalker  
  49  7:10  Probe x2 (Chrono Boost)  
  53  7:17  Stalker x2  
  53  7:22  Probe x2 (Chrono Boost)  
  59  7:29  Probe x2 (Chrono Boost)  
  61  7:33  Stalker  
  61  7:36  Probe x2  
  63  7:37  Assimilator  
  63  7:40  Stalker x2  
  69  7:48  Probe x2  
  71  7:59  Stalker  
  71  8:00  Probe  
  68  8:15  Stalker x2  
  68  8:16  Probe x2  
  62  8:28  Probe  
  62  8:30  Nexus  
  62  8:31  Stalker  
  62  8:33  Probe  
  62  8:36  Robotics Facility  
  62  8:40  Pylon, Probe  
  63  8:42  Gateway x2  
  63  8:44  Forge  
  63  8:45  Probe  
  63  8:47  Stalker  
  66  8:52  Probe  
  67  8:57  Stalker  
  69  9:03  Stalker  
  69  9:09  Protoss Ground Weapons Level 1 (Chrono Boost), Gateway x2  
  71  9:12  Probe  
  71  9:13  Charge (Chrono Boost)  
  72  9:20  Probe  
  72  9:23  Observer (Chrono Boost)  
  74  9:24  Probe  
  74  9:30  Shield Battery  
  75  9:32  Probe  
  75  9:35  Pylon  
  76  9:44  Stalker x2  
  78  9:48  Stalker, Assimilator  
  78  9:54  Warp Prism (Chrono Boost)  
  78  9:59  Pylon  
  80  10:02  Pylon  
  80  10:04  Stalker  
  80  10:05  Stalker  
  84  10:09  Zealot  
  84  10:10  Zealot  
  84  10:13  Pylon  
  88  10:17  Zealot  
  90  10:23  Zealot x2  
  94  10:28  Zealot x2  
  94  10:29  Zealot  
  94  10:31  Pylon  
  100  10:39  Stalker x2  
  104  10:43  Stalker  
  104  10:44  Pylon  
  104  10:48  Stalker x2  
  104  10:49  Stalker  
  108  11:00  Zealot  
  108  11:01  Zealot  
  104  11:05  Stalker x2  
  102  11:13  Zealot x3  
  104  11:22  Stalker x2  
  106  11:28  Stalker x2  

Tags
 
Add a new tag
Caveats
  • Supply blocks, unpowered buildings, or Contaminate may cause inaccurate times.
  • Supply counts are checked every 10 seconds.